 Dungeon Crawl Stone Soup version 0.31-a0-176-g91f28db67f (webtiles) character file.

Game seed: 2116865015230844749

5923 MacCMillion the Frost Mage (level 10, -5/76 HPs)
             Began as a Gnoll Ice Elementalist on June 18, 2023.
             Was a Follower of Cheibriados.
             Slain by an orc knight
             ... wielding a +0 broad axe
              (33 damage)
             ... in a bailey.
             The game lasted 00:20:31 (12686 turns).

MacCMillion the Frost Mage (GnIE)                  Turns: 12686, Time: 00:20:31

Health: -5/76      AC:  6    Str: 11    XL:     10   Next: 83%
Magic:  17/21      EV: 16    Int: 27    God:    Cheibriados [*.....]
Gold:   967        SH:  0    Dex: 16    Spells: 17/24 levels left

rFire   . . .        G - +2 flail (protect)
rCold   . . .        (no shield)
rNeg    + . .        a - +0 robe
rPois   .            (no helmet)
rElec   .            H - +0 cloak
rCorr   .            (no gloves)
SInv    .            I - +1 pair of boots
Will    .....        (no amulet)
Stlth   ++++         h - ring of positive energy
HPRegen 0.32/turn    p - +6 ring of intelligence
MPRegen 0.17/turn

%: no passive effects
@: very slow
A: fangs 1, strong nose, distributed training
a: Renounce Religion, Bend Time


You were in a bailey.
You worshipped Cheibriados.
Cheibriados was aware of your devotion.
You visited 2 branches of the dungeon, and saw 9 of its levels.
You also visited: Sewer and Bailey.

You collected 967 gold pieces.

Inventory:

Hand Weapons
 e - a +0 sling
 o - a +0 short sword
 G - a +2 flail of protection (weapon)
Missiles
 A - 2 curare-tipped darts
 B - 29 poisoned darts
Armour
 a - a +0 robe (worn)
 H - a +0 cloak (worn)
 I - a +1 pair of boots (worn)
 M - a +3 chain mail of poison resistance
Magical Staves
 r - a staff of cold
Jewellery
 c - a +6 ring of strength
 h - a ring of positive energy (left hand)
 n - a ring of see invisible
 p - a +6 ring of intelligence (right hand)
Wands
 F - a wand of digging (5)
 L - a wand of paralysis (9)
Scrolls
 f - 4 scrolls of immolation
 g - a scroll of vulnerability
 i - a scroll of identify
 k - a scroll of butterflies
 m - 2 scrolls of revelation {unknown}
 t - 2 scrolls of enchant armour
 v - 2 scrolls of fog {unknown}
 y - a scroll of teleportation {unknown}
 E - 3 scrolls of amnesia {unknown}
 J - a scroll of fear {unknown}
 K - 3 scrolls of blinking {unknown}
Potions
 b - 4 potions of magic
 d - 4 potions of heal wounds {unknown}
 j - 3 potions of curing
 l - 4 potions of attraction {unknown}
 q - 2 potions of berserk rage {unknown}
 s - a potion of invisibility {unknown}
 u - 5 potions of brilliance {unknown}
 w - a potion of enlightenment {unknown}
 x - a potion of degeneration {unknown}
 z - 5 potions of mutation {unknown}
 C - 2 potions of haste {unknown}
 D - 5 potions of might {unknown}


   Skills:
 + Level 5.8 Fighting
 + Level 5.8 Short Blades
 + Level 5.8 Long Blades
 + Level 5.8 Axes
 + Level 5.8 Maces & Flails
 + Level 5.8 Polearms
 + Level 5.8 Staves
 + Level 5.8 Ranged Weapons
 + Level 5.8 Throwing
 + Level 5.8 Armour
 + Level 7.5 Dodging
 + Level 7.3 Stealth
 + Level 5.8 Shields
 + Level 5.8 Unarmed Combat
 + Level 7.8 Spellcasting
 + Level 4.8 Conjurations
 + Level 4.8 Hexes
 + Level 4.8 Summonings
 + Level 4.8 Necromancy
 + Level 4.8 Translocations
 + Level 4.8 Transmutations
 + Level 4.8 Fire Magic
 + Level 8.7 Ice Magic
 + Level 4.8 Air Magic
 + Level 4.8 Earth Magic
 + Level 4.8 Poison Magic
 + Level 6.4 Invocations
 + Level 5.8 Evocations


You had 17 spell levels left.
You knew the following spells:

 Your Spells              Type           Power      Damage    Failure   Level
a - Freeze                Ice            100%       1d10      1%          1
b - Frozen Ramparts       Ice            100%       1d16      1%          3
c - Ozocubu's Armour      Ice            55%        N/A       1%          3

Your spell library contained the following spells:

 Spells                   Type           Power      Damage    Failure   Level
 Necrotise                Necr           100%       1d9       1%          1
 Lesser Beckoning         Tloc           72%        N/A       1%          2
 Gell's Gravitas          Tloc           36%        N/A       2%          3
 Teleport Other           Tloc           36%        N/A       2%          3
 Vampiric Draining        Necr           36%        2d8       2%          3
 Vhi's Electric Charge    Tloc/Air       72%        N/A       2%          3
 Summon Ice Beast         Ice/Summ       47%        N/A       3%          4
 Animate Dead             Necr           36%        N/A       8%          4
 Olgreb's Toxic Radiance  Pois           36%        N/A       8%          4
 Agony                    Necr           36%        N/A       21%         5
 Arcjolt                  Conj/Air       18%        1d28      21%         5
 Borgnjor's Vile Clutch   Necr/Erth      18%        N/A       21%         5
 Death Channel            Necr           18%        N/A       75%         6
 Discord                  Hex            18%        N/A       100%        8
 Ignition                 Fire           18%        3d7       100%        8
 Maxwell's Capacitive Co  Air            18%        ∞         100%        8


Dungeon Overview and Level Annotations

Branches:
Dungeon (8/15)             Temple (1/1) D:7           Sewer (visited)
 Bailey (1/1)
   Lair: D:8-11

Altars:
Ashenzari
Cheibriados
Dithmenos
Fedhas
Gozag
Hepliaklqana
Kikubaaqudgha
Makhleb
Qazlal
Sif Muna
Trog
Vehumet
Wu Jian
Xom
Yredelemnul
Zin
The Shining One


Innate Abilities, Weirdness & Mutations

You have very sharp teeth.
Your uncanny sense of smell can sniff out nearby items.
Your experience applies equally to all skills.


Message History

You sock the orc knight!
Your weapon exudes an aura of protection.
The orc knight is moderately wounded.
The wall freezes the orc knight but does no damage.
The orc knight hits you with a +0 war axe!!
You closely miss the orc knight.
The orc knight is moderately wounded.
The wall freezes the orc knight.
The orc knight hits you with a +0 war axe!
You hit the orc knight but do no damage.
The orc knight is heavily wounded.
The wall freezes the orc knight.
The wall freezes the orc knight but does no damage.
The orc knight closely misses you.
You hit the orc knight but do no damage.
The orc knight is heavily wounded.
The wall freezes the orc knight.
The wall freezes the orc knight!
The orc knight hits you with a +0 war axe!
You sock the orc knight!
The orc knight is almost dead.
The wall freezes the orc knight.
The orc knight roars a battlecry!
The orc knight goes into a battle-frenzy!
The orc knight closely misses you.
You hit the orc knight but do no damage.
The orc knight is almost dead.
The wall freezes the orc knight!
You kill the orc knight!
Cheibriados thoroughly appreciates the change of pace.
The orc knight hits you with a +0 broad axe!
You hit the orc knight but do no damage.
The orc knight is lightly wounded.
The frozen ramparts melt away.
The orc knight barely misses you.
Okay, then.
Your icy armour will break if you move.
Continue?
Your icy armour cracks and falls away as you move.
The orc knight hits you but does no damage.
There is a gate leading back out of this place here.
The orc knight hits you with a +0 broad axe!!
You die...

#####################
≈≈≈≈≈≈≈≈≈≈≈≈≈≈≈≈≈≈≈≈≈
≈≈≈≈≈≈≈≈≈≈≈≈≈≈≈≈≈≈≈≈≈
≈≈≈≈≈≈≈≈≈≈≈≈≈≈≈≈≈≈≈≈≈
≈≈≈≈≈≈≈≈≈≈≈≈≈≈≈≈≈≈≈≈
≈≈≈≈≈≈≈≈≈≈≈≈≈≈≈≈≈≈≈ ≈≈≈
######~~~~~~~~~~~#### ≈≈≈≈
#.'.....)..@o.).....+∆
≈≈≈≈≈###..######.######..###
≈≈≈≈≈#..).#...#...#.[.#...o
≈≈≈≈≈#....#...#)..#.[[#...
≈≈≈≈≈#'#'##'###8.8###'##'#
≈≈≈≈≈~.#..#...#...#...#..#
≈≈≈≈≈~.#..###'#8.8#'###..#
≈≈≈≈≈~.#..#...#...#.))#))#
≈≈≈≈≈~.#.)#...#)..#.))#..#


You could see an orc knight (strong).

Vanquished Creatures
  An orc high priest (Bailey)
  Pikel (D:7)
  An orc knight (Bailey)
  A kobold demonologist (Bailey)
  A troll (D:7)
  Sigmund (D:5)
  Menkaure (D:7)
  Duvessa (D:6)
  2 water moccasins
  A sky beast (D:7)
  4 black bears
  7 orc warriors (Bailey)
  3 centaurs
  An ogre (D:5)
  A lemure (D:7)
  A phantom (D:6)
  A bullfrog (D:7)
  6 kobold brigands (Sewer)
  3 necrophages (D:4)
  4 scorpions
  Dowan (D:6)
  An electric eel (Bailey)
  A centaur zombie (D:4)
  3 hounds
  4 jellies
  4 orc priests
  7 iguanas
  A scorpion zombie (D:4)
  An orc wizard (D:5)
  A hound zombie (D:4)
  14 adders
  6 gnolls
  2 river rats (Sewer)
  A shadow imp (D:6)
  An ufetubus (D:7)
  3 adder zombies
  An adder skeleton (D:2)
  7 worms
  4 dart slugs
  16 orcs
  10 ball pythons
  2 bat skeletons (D:2)
  A bat zombie (D:2)
  9 endoplasms
  5 giant cockroaches
  18 goblins
  13 hobgoblins
  2 quokkas
  2 ball python skeletons (D:2)
  A ball python zombie (D:2)
  5 bats
  3 frilled lizards
  7 kobolds
  2 quokka zombies (D:2)
  11 rats
212 creatures vanquished.

Notes
Turn   | Place    | Note
-------+----------+-------------------------------------------
     0 | D:1      | MacCMillion the Gnoll Ice Elementalist began the quest for
                  | the Orb.
     0 | D:1      | Reached XP level 1. HP: 13/13 MP: 6/6
   192 | D:1      | Reached XP level 2. HP: 19/19 MP: 7/7
  1113 | D:2      | Reached skill level 5 in Spellcasting
  1113 | D:2      | Reached XP level 3. HP: 17/25 MP: 3/9
  1123 | D:1      | Learned a level 3 spell: Frozen Ramparts
  1127 | D:1      | Learned a level 3 spell: Ozocubu's Armour
  1334 | D:2      | Reached skill level 1 in Invocations
  1530 | D:2      | Reached skill level 1 in Fighting
  1530 | D:2      | Reached skill level 1 in Short Blades
  1530 | D:2      | Reached skill level 1 in Long Blades
  1530 | D:2      | Reached skill level 1 in Axes
  1530 | D:2      | Reached skill level 1 in Maces & Flails
  1530 | D:2      | Reached skill level 1 in Polearms
  1530 | D:2      | Reached skill level 1 in Staves
  1530 | D:2      | Reached skill level 1 in Ranged Weapons
  1530 | D:2      | Reached skill level 1 in Throwing
  1530 | D:2      | Reached skill level 1 in Armour
  1530 | D:2      | Reached skill level 1 in Shields
  1530 | D:2      | Reached skill level 1 in Unarmed Combat
  1530 | D:2      | Reached skill level 1 in Evocations
  1712 | D:2      | Reached XP level 4. HP: 31/32 MP: 11/11
  2719 | D:3      | Reached skill level 1 in Conjurations
  2719 | D:3      | Reached skill level 1 in Hexes
  2719 | D:3      | Reached skill level 1 in Summonings
  2719 | D:3      | Reached skill level 1 in Necromancy
  2719 | D:3      | Reached skill level 1 in Translocations
  2719 | D:3      | Reached skill level 1 in Transmutations
  2719 | D:3      | Reached skill level 1 in Fire Magic
  2719 | D:3      | Reached skill level 1 in Air Magic
  2719 | D:3      | Reached skill level 1 in Earth Magic
  2719 | D:3      | Reached skill level 1 in Poison Magic
  2727 | D:3      | Reached XP level 5. HP: 7/37 MP: 4/12
  3552 | D:4      | Found an ancient bone altar of Kikubaaqudgha.
  3556 | D:4      | Found an opulent altar of Gozag.
  3558 | D:4      | Found a glowing golden altar of the Shining One.
  3599 | D:4      | Found a glowing drain.
  3604 | D:4      | Reached XP level 6. HP: 44/44 MP: 9/13
  3638 | Sewer    | Entered a sewer
  3669 | Sewer    | Reached skill level 5 in Dodging
  3905 | Sewer    | Reached XP level 7. HP: 32/51 MP: 8/15
  4174 | Sewer    | Reached skill level 5 in Stealth
  5303 | D:4      | Found a hazy altar of Hepliaklqana.
  5304 | D:4      | Found a shadowy altar of Dithmenos.
  5304 | D:4      | Noticed a shadow
  5334 | D:4      | Found a stormy altar of Qazlal.
  5541 | D:4      | Found a blossoming altar of Fedhas.
  5892 | D:4      | Reached XP level 8. HP: 58/58 MP: 9/16
  6426 | D:5      | Entered Level 5 of the Dungeon
  7025 | D:5      | Noticed Sigmund
  7030 | D:5      | Killed Sigmund
  7073 | D:5      | Found a glowing silver altar of Zin.
  7171 | D:5      | Reached XP level 9. HP: 63/65 MP: 11/18
  7728 | D:5      | Found a bloodstained altar of Trog.
  7890 | D:6      | Reached skill level 8 in Ice Magic
  8141 | D:6      | Noticed Duvessa
  8147 | D:6      | Noticed Dowan
  8152 | D:6      | Killed Dowan
  8153 | D:6      | Killed Duvessa
  8606 | D:6      | Reached skill level 5 in Invocations
  9522 | D:7      | Noticed Pikel
  9537 | D:7      | Killed Pikel
  9600 | D:7      | Reached skill level 5 in Fighting
  9600 | D:7      | Reached skill level 5 in Short Blades
  9600 | D:7      | Reached skill level 5 in Long Blades
  9600 | D:7      | Reached skill level 5 in Axes
  9600 | D:7      | Reached skill level 5 in Maces & Flails
  9600 | D:7      | Reached skill level 5 in Polearms
  9600 | D:7      | Reached skill level 5 in Staves
  9600 | D:7      | Reached skill level 5 in Ranged Weapons
  9600 | D:7      | Reached skill level 5 in Throwing
  9600 | D:7      | Reached skill level 5 in Armour
  9600 | D:7      | Reached skill level 5 in Shields
  9600 | D:7      | Reached skill level 5 in Unarmed Combat
  9600 | D:7      | Reached skill level 5 in Evocations
  9600 | D:7      | Reached XP level 10. HP: 59/74 MP: 16/20
  9701 | D:7      | Found a staircase to the Ecumenical Temple.
  9719 | D:7      | Found a radiant altar of Vehumet.
  9739 | Temple   | Entered the Ecumenical Temple
  9754 | Temple   | Became a worshipper of Cheibriados the Contemplative
 10517 | D:7      | Noticed Menkaure
 11151 | D:7      | Killed Menkaure
 11507 | D:8      | Found a flagged portal.
 11524 | Bailey   | Entered a bailey
 11887 | Bailey   | Reached * piety under Cheibriados
 12003 | Bailey   | Noticed an orc knight
 12003 | Bailey   | Noticed an orc knight
 12358 | Bailey   | Noticed a kobold demonologist
 12362 | Bailey   | Acquired 537 gold pieces
 12372 | Bailey   | Killed a kobold demonologist
 12405 | Bailey   | Found an iron altar of Okawaru.
 12405 | Bailey   | Noticed an orc high priest
 12421 | Bailey   | Noticed a sixfirhy
 12421 | Bailey   | Noticed a sun demon
 12421 | Bailey   | Killed an orc high priest
 12682 | Bailey   | Killed an orc knight
 12686 | Bailey   | Slain by an orc knight

Illustrated notes

Levels and vault maps discovered:
D:1:      ebering_hopf_link, layout_basic, minmay_pentomino_o2
D:2:      layout_loops_cross, serial_undead, serial_undead_b, serial_undead_c,
          serial_undead_b, serial_undead_d, serial_undead_a, serial_undead_c,
          serial_undead_a, serial_undead_d, minmay_increasing_density
D:3:      layout_rooms, minmay_quantized
D:4:      layout_basic, riverfiend_overflow_shadow_ancestor,
          mainiacjoe_overflow_alcove_2, fedhas_altar_decomposition,
          grunt_temple_overflow_diamond, portal_sewer_entry_d,
          nicolae_half_adder
D:5:      layout_loops_corners, mainiacjoe_overflow_tiny_flanked,
          mainiacjoe_overflow_alcove_4, hangedman_abyss_or_decor_stagger,
          uniq_sigmund
D:6:      layout_layer_cave, uniq_duvessa
D:7:      layout_basic, nicolae_overflow_hidden_temple, temple_pool_b,
          uniq_menkaure, uniq_pikel
D:8:      layout_rooms, nicolae_ru_sacrificial_ziggurat, okawaru_gym_becter,
          mainiacjoe_overflow_24_doors, nicolae_elyvilon_peaceful_grove,
          david_lair_generic, enter_bailey_3, minmay_misc_feat_cross,
          minivault_14
Temple:   hellmonk_temple_of_storms
Bailey:   bailey_axe_of_yendor_kennysheep, bailey

Skill      XL: |  1  2  3  4  5  6  7  8  9 10 |
---------------+-------------------------------+-----
Spellcasting   | 5 6 7 |  7.8
Invocations    | 1 2 3 4 5 6 |  6.4
Fighting       | 1 2 3 5 |  5.8
Short Blades   | 1 2 3 5 |  5.8
Long Blades    | 1 2 3 5 |  5.8
Axes           | 1 2 3 5 |  5.8
Maces & Flails | 1 2 3 5 |  5.8
Polearms       | 1 2 3 5 |  5.8
Staves         | 1 2 3 5 |  5.8
Ranged Weapons | 1 2 3 5 |  5.8
Throwing       | 1 2 3 5 |  5.8
Armour         | 1 2 3 5 |  5.8
Shields        | 1 2 3 5 |  5.8
Unarmed Combat | 1 2 3 5 |  5.8
Evocations     | 1 2 3 5 |  5.8
Conjurations   | 1 2 3 4 |  4.8
Hexes          | 1 2 3 4 |  4.8
Summonings     | 1 2 3 4 |  4.8
Necromancy     | 1 2 3 4 |  4.8
Translocations | 1 2 3 4 |  4.8
Transmutations | 1 2 3 4 |  4.8
Fire Magic     | 1 2 3 4 |  4.8
Air Magic      | 1 2 3 4 |  4.8
Earth Magic    | 1 2 3 4 |  4.8
Poison Magic   | 1 2 3 4 |  4.8
Dodging        | 5 6 7 |  7.5
Stealth        | 5 6 7 |  7.3
Ice Magic      | 8 |  8.7

Action                     |  1- 3 |  4- 6 |  7- 9 | 10-12 || total
---------------------------+-------+-------+-------+-------++-------
  Melee: Unarmed           |     2 |       |       |       ||     2
         Staff             |       |    46 |   106 |    15 ||   167
         Bite              |       |     3 |    28 |    13 ||    44
         Flail             |       |       |    52 |    67 ||   119
         Punch             |       |       |     2 |     4 ||     6
   Fire: Sling             |    82 |       |       |       ||    82
  Throw: Dart              |       |       |       |     9 ||     9
   Cast: Freeze            |    18 |     8 |     2 |       ||    28
         Frozen Ramparts   |     3 |    22 |    55 |    18 ||    98
         Ozocubu's Armour  |     3 |     3 |    22 |    14 ||    42
    Use: Potion            |       |     1 |       |       ||     1
         Scroll            |       |       |       |     5 ||     5
   Stab: Sleeping          |       |     2 |     2 |     1 ||     5
 Armour: Robe              |    20 |    13 |    57 |    31 ||   121
  Dodge: Dodged            |    46 |    48 |   106 |    83 ||   283

Table legend: (Time is in decaauts)
 A = Elapsed time spent in this place.
 B = Non-inter-level travel time spent in this place.
 C = Inter-level travel time spent in this place.
 D = Time resting spent in this place.
 E = Time spent auto-exploring this place.
 F = Levels seen in this place.
 G = Mean time per level.
                   A        B        C        D        E       F      G
               +--------+--------+--------+--------+--------+-----+--------+
         Total |  13336 |  13053 |    283 |   3143 |   7589 |  11 | 1212.4 |
       Dungeon |  10356 |  10085 |    271 |   2260 |   6351 |   8 | 1294.5 |
        Temple |     62 |     50 |     12 |      0 |     32 |   1 |   62.0 |
         Sewer |   1645 |   1645 |      0 |    116 |   1205 |   1 | 1645.0 |
        Bailey |   1272 |   1272 |      0 |    766 |      1 |   1 | 1272.0 |
               +--------+--------+--------+--------+--------+-----+--------+

Top non-repeatable levels by time:
     D:7: 2154 daAuts
     D:4: 1811 daAuts
     D:6: 1731 daAuts
   Sewer: 1645 daAuts
     D:2: 1284 daAuts
  Bailey: 1272 daAuts
     D:1: 1123 daAuts
     D:5: 1116 daAuts
     D:3: 1111 daAuts
  Temple: 62 daAuts
     D:8: 23 daAuts
